 Dungeon Crawl Stone Soup version 0.30-a0-358-g0d69a1922f (webtiles) character file.

Game seed: 11208495559167350011

6357 ytrimaz the Carver (level 11, -1/84 HPs)
             Began as a Formicid Fighter on Nov 10, 2022.
             Was an Initiate of Hepliaklqana.
             Hit by a javelin thrown by a centaur (9 damage)
             ... in a bailey.
             The game lasted 00:12:00 (8888 turns).

ytrimaz the Carver (Formicid Fighter)               Turns: 8888, Time: 00:12:01

Health: -1/84      AC:  9    Str: 20    XL:     11   Next: 17%
Magic:  11/11      EV: 10    Int:  9    God:    Hepliaklqana [......]
Gold:   897        SH:  5    Dex: 17    Spells: 10/10 levels left

rFire   + + .      SeeInvis +    G - +4 scimitar
rCold   x x .      Faith    .    c - +0 buckler
rNeg    + . .      Spirit   .    y - +3 salamander hide armour {Flames rF++ rC--}
rPois   .          Reflect  .    (helmet unavailable)
rElec   .          Harm     .    E - +1 cloak
rCorr   .          Rampage  .    (no gloves)
Will    +....                    (no boots)
Stlth   +.........               n - amulet of magic regeneration
HPRegen 0.34/turn                b - ring of positive energy
MPRegen 0.52/turn                D - +4 ring of slaying

@: no status effects
A: permanent stasis, dig shafts and tunnels, antennae 3, four strong arms
a: Dig, Renounce Religion


You were in a bailey.
You worshipped Hepliaklqana.
Hepliaklqana was noncommittal.
You visited 2 branches of the dungeon, and saw 10 of its levels.
You also visited: Ossuary and Bailey.

You collected 897 gold pieces.


Innate Abilities, Weirdness & Mutations

You cannot be hasted, slowed, berserked, paralysed or teleported.
You can dig through walls and to a lower floor.
You have a pair of large antennae on your head. (SInv)
Your four strong arms can wield two-handed weapons with a shield.


   Skills:
 + Level 7.3 Fighting
 - Level 14.0 Long Blades
 + Level 7.1 Armour
 - Level 4.0 Shields


You had 10 spell levels left.
You didn't know any spells.
Your spell library contained the following spells:

 Spells                   Type           Power      Damage    Failure   Level
 Beastly Appendage        Tmut           0%         N/A       50%         1
 Magic Dart               Conj           0%         1d3       50%         1
 Necrotise                Necr           0%         1d4       50%         1
 Shock                    Conj/Air       0%         1d3       50%         1
 Call Imp                 Summ           0%         N/A       65%         2
 Ensorcelled Hibernation  Hex/Ice        0%         N/A       65%         2
 Passwall                 Tmut/Erth      0%         N/A       65%         2
 Scorch                   Fire           0%         2d5       65%         2
 Sublimation of Blood     Necr           0%         N/A       65%         2
 Wereblood                Tmut           0%         N/A       65%         2
 Dazzling Flash           Conj/Hex       0%         N/A       86%         3
 Kindle Blastsparks       Fire/Tloc/Air  0%         2d10      86%         3
 Mephitic Cloud           Conj/Pois/Air  0%         N/A       86%         3
 Ozocubu's Armour         Ice            0%         N/A       86%         3
 Spider Form              Tmut/Pois      0%         N/A       86%         3
 Vampiric Draining        Necr           0%         2d6       86%         3
 Airstrike                Air            0%         2d(0-16)  99%         4
 Flame Wave               Conj/Fire      0%         2d4       99%         4
 Petrify                  Tmut/Erth      0%         N/A       99%         4
 Agony                    Necr           0%         N/A       100%        5
 Irradiate                Conj/Tmut      0%         3d11      100%        5
 Silence                  Hex/Air        0%         N/A       100%        5
 Simulacrum               Ice/Necr       0%         N/A       100%        6
 Summon Cactus Giant      Summ           0%         N/A       100%        6
 Ozocubu's Refrigeration  Ice            0%         4d7       100%        7
 Swiftness                Air            Unusable   N/A       N/A         3

Inventory:

Hand Weapons
 a - a +0 long sword
 F - a +0 great sword
   (You took it off a wight on level 8 of the Dungeon)
 G - a +4 scimitar (weapon)
   (You took it off a wight on level 8 of the Dungeon)
Missiles
 d - a throwing net
 g - 6 javelins
 h - 17 poisoned darts
 q - 2 boomerangs
Armour
 c - a +0 buckler (worn)
 m - a +0 plate armour
   (You found it on level 2 of the Dungeon)
 y - the +3 salamander hide armour (worn) {Flames rF++ rC--}
   (You found it on level 6 of the Dungeon)

   It surrounds you with a cloud of flames.
   It grants immunity to clouds of flame.
   It enhances your fire magic.
   rF:        It greatly protects you from fire.
   rC:        It makes you very vulnerable to cold.
 C - the +1 chain mail of the Jabberwock {-Tele *Slow rPois Str+8}
   (You found it on level 7 of the Dungeon)

   Str:       It affects your strength (+8).
   rPois:     It protects you from poison.
   -Tele:     It prevents most forms of teleportation.
   *Slow:     It may slow you when you take damage.
 E - a +1 cloak (worn)
   (You found it on level 7 of the Dungeon)
Jewellery
 b - a ring of positive energy (left hand)
   (You found it on level 3 of the Dungeon)
 n - an amulet of magic regeneration (around neck)
   (You found it on level 2 of the Dungeon)
 o - an amulet of the acrobat
   (You found it on level 3 of the Dungeon)
 p - a +6 ring of intelligence
   (You found it on level 4 of the Dungeon)
 D - a +4 ring of slaying (right hand)
   (You found it on level 7 of the Dungeon)
 H - a ring of ice
   (You found it on level 8 of the Dungeon)
Wands
 t - a wand of flame (25)
   (You found it on level 7 of the Dungeon)
 v - a wand of acid (7)
   (You took it off Erolcha on level 9 of the Dungeon)
Scrolls
 j - a scroll of acquirement {unknown}
 l - 3 scrolls of magic mapping
 u - 2 scrolls of amnesia
 w - a scroll of silence
Potions
 e - 2 potions of cancellation
 i - 2 potions of mutation
 s - 3 potions of lignification
 x - a potion of curing
 z - a potion of attraction {unknown}
 A - 2 potions of resistance
 B - a potion of brilliance
 I - a potion of might

Dungeon Overview and Level Annotations

Branches:
Dungeon (9/15) Zot: 26766  Temple (1/1) D:7 Zot: 5828     Orc (0/2) D:9
Ossuary (visited)          Bailey (1/1) Zot: 5414
   Lair: D:8-11

Altars:
Cheibriados
Dithmenos
Elyvilon
Fedhas
Gozag
Hepliaklqana
Kikubaaqudgha
Makhleb
Nemelex Xobeh
Okawaru
Qazlal
Ru
Sif Muna
Trog
Uskayaw
Vehumet
Wu Jian
Xom
Yredelemnul
Zin
The Shining One

Annotations:
D:2 1 runed translucent door, Crazy Yiuf
D:6 2 transporters, Iich's ghost, novice MiBe

........≈.≈ #.
≈.≈≈....≈≈≈≈≈≈≈....≈≈{ #.
≈.≈...≈≈≈~~~~~≈≈≈...#####.
≈.≈..≈≈~~≈≈≈≈≈~≈≈≈....).'.
≈.o..o~≈≈≈)?)~~≈≈≈....).'.
≈.≈..≈≈~~≈≈≈≈≈~≈≈≈....).'.
≈.≈...≈≈≈~~~~~≈≈≈...#####)
≈.≈≈.o.c§○§≈≈≈≈....≈≈.§≈#.
≈≈c≈..o○§@☼........≈.≈≈≈#)
≈≈.≈≈.⌠°☼°§.....⌠.≈≈.≈≈≈#.
≈≈≈.≈...)......)..≈.≈≈≈≈#.
≈≈≈.≈≈≈.........≈≈≈.≈≈≈≈#.
≈≈≈≈.o≈≈≈.)...≈≈≈..≈≈≈≈≈#.
≈≈≈≈≈≈.o≈≈≈≈≈≈≈..≈≈≈≈≈≈≈#.
≈≈≈≈≈≈≈≈.c.....≈≈≈≈≈≈≈≈###
#≈≈≈≈≈≈≈≈≈≈≈≈≈≈≈≈≈≈≈≈≈## #
≈≈≈≈≈≈≈≈≈≈≈≈≈≈≈≈≈≈≈##


You could see 3 orc warriors, 3 centaurs and 3 orcs.


Message History

The orc warrior hits you from afar with a +0 halberd!
The centaur throws a javelin.
The javelin pierces through you.
* * * LOW HITPOINT WARNING * * *
😨 HP[-22]
You take 22 damage, and now have 41/84 hp.
MASSIVE DAMAGE!! (PAUSE)
The centaur throws a javelin.
The javelin closely misses you.
The orc warrior is engulfed in blazing flames.
The orc warrior hits you but does no damage.
The orc warrior is engulfed in blazing flames.
You block the orc warrior's attack. The centaur misses you.
The orc warrior attacks as you move away!
The orc warrior hits you with a +0 halberd.
* * * LOW HITPOINT WARNING * * *
An orc and 2 centaurs come into view.
The orc shouts!
The centaur shouts! x2; You hear a shout!
The orc warrior hits you from afar with a +0 bardiche.
* * * LOW HITPOINT WARNING * * *
The orc warrior is engulfed in blazing flames.
You kill the orc warrior!
The orc warrior is engulfed in blazing flames.
You kill the orc warrior!
The centaur hits you with a +0 halberd.
* * * LOW HITPOINT WARNING * * *
The centaur barely misses you.
Your Armour skill increases to level 7! 😨 HP[-8]
You take 8 damage, and now have 33/84 hp.
Unknown command.
The centaur is engulfed in blazing flames.
You block the centaur's attack. The centaur kicks you.
* * * LOW HITPOINT WARNING * * *
The centaur throws a javelin.
The javelin pierces through you but does no damage.
The orc warrior is engulfed in blazing flames.
The orc warrior misses you.
The centaur is engulfed in blazing flames.
You block the centaur's attack.
The centaur kicks you but does no damage. 😨 HP[-1]
You take 1 damage, and now have 32/84 hp.
You hit the centaur but do no damage.
The centaur throws a javelin.
The javelin pierces through you.
* * * LOW HITPOINT WARNING * * *
The orc warrior is engulfed in blazing flames.
The orc warrior hits you with a +0 bardiche.
* * * LOW HITPOINT WARNING * * *
The centaur is engulfed in blazing flames.
The centaur hits you but does no damage.
The centaur closely misses you. 😨 HP[-7]
You take 7 damage, and now have 25/84 hp.
Unknown command.
The centaur throws a javelin.
The javelin pierces through you!
* * * LOW HITPOINT WARNING * * *
An orc comes into view. It is wielding a +0 spear.
The centaur is engulfed in blazing flames.
The centaur barely misses you.
The centaur kicks you but does no damage.
An orc comes into view. It is wielding a +0 spear.
The orc warrior is engulfed in blazing flames.
The orc warrior hits you from afar with a +0 bardiche!
* * * LOW HITPOINT WARNING * * *
The centaur throws a javelin.
The javelin barely misses you.
Unknown command. 😱 HP[-17]
You take 17 damage, and now have 8/84 hp.
MASSIVE DAMAGE!! (PAUSE)
As you read the scroll of summoning, it crumbles to dust.
Wisps of shadow whirl around you...
The shadows disperse without effect.
The centaur is engulfed in blazing flames.
You kill the centaur!
The centaur throws a javelin.
The javelin pierces through you.
* * * LOW HITPOINT WARNING * * *
The orc warrior barely misses you. 😱 HP[-2]
You take 2 damage, and now have 6/84 hp.
Unknown command.
Unknown command.
You feel better.
The centaur throws a javelin.
The javelin pierces through you.
* * * LOW HITPOINT WARNING * * *
You block the orc warrior's attack. 😱 HP[+5]
You regained 5 hp, and now have 11/84 hp.
Okay, then.
Unknown command.
Unknown command.
Okay, then.
Unknown command.
Okay, then.
You feel better.
The centaur throws a javelin.
The javelin closely misses you.
The orc warrior hits you from afar with a +0 bardiche!
* * * LOW HITPOINT WARNING * * *
😱 HP[-2]
You take 2 damage, and now have 9/84 hp.
Unknown command.
The centaur throws a javelin.
The javelin pierces through you.
* * * LOW HITPOINT WARNING * * *
The centaur throws a javelin.
The javelin pierces through you!
You die...

Skill      XL: |  1  2  3  4  5  6  7  8  9 10 11 |
---------------+----------------------------------+-----
Long Blades    | 3 4 6 8 10 12 14 | 14.0
Fighting       | 6 7 |  7.3
Armour         | 6 7 |  7.1
Shields        | |  4.0

Action                   |  1- 3 |  4- 6 |  7- 9 | 10-12 || total
-------------------------+-------+-------+-------+-------++-------
Melee: Long sword        |   148 |    86 |   195 |    12 ||   441
       Scimitar          |       |       |       |    20 ||    20
 Abil: Dig               |     1 |       |       |       ||     1
  Use: Scroll            |     4 |     4 |     9 |     7 ||    24
       Potion            |       |     2 |       |     6 ||     8
Armor: Scale mail        |    85 |       |       |       ||    85
       Plate armour      |    17 |    67 |   110 |       ||   194
       Leather armour    |       |       |     7 |    32 ||    39
Dodge: Dodged            |    88 |    21 |    51 |    51 ||   211
Block: Buckler           |    46 |    21 |    34 |    28 ||   129

Levels and vault maps discovered:
D:1:      heliophobic_arrival_ceremonial_halls, layout_basic,
          serial_bayou_ford_a
D:2:      layout_basic, grunt_ministairs_3, uniq_crazy_yiuf_cottage
D:3:      layout_rooms, lightli_corner_chamber
D:4:      layout_cave_pools, uniq_natasha
D:5:      layout_loops_cross, nicolae_ossuary_entry_plus
D:6:      layout_basic, gammafunk_ghost_abyssal_escape
D:7:      layout_rooms, minmay_temple_entry_antechambers
D:8:      layout_loops_ring
D:9:      old_forge, layout_basic, ashenzari_altar_1, david_orc_3,
          lightli_bailey_entry_fortress, gammafunk_ghost_berserking_beasts,
          uniq_erolcha
Temple:   kilobyte_greek_temple
Bailey:   bailey_polearm_flooded_kennysheep, bailey

Notes
Turn   | Place    | Note
-------+----------+-------------------------------------------
     0 | D:1      | ytrimaz the Formicid Fighter began the quest for the Orb.
     0 | D:1      | Reached XP level 1. HP: 18/18 MP: 1/1
     0 | D:1      | magus.rc [v1.9.6]
   263 | D:1      | Reached XP level 2. HP: 24/24 MP: 2/2
   945 | D:2      | Reached skill level 3 in Long Blades
   945 | D:2      | Reached XP level 3. HP: 26/29 MP: 3/3
  1367 | D:2      | You pick up a book of Air and begin reading...
  1367 | D:2      | You add the spells Shock and Airstrike to your library.
  1712 | D:2      | Found a runed translucent door.
  1713 | D:2      | Noticed Crazy Yiuf
  2080 | D:3      | You pick up a book of Scorching and begin reading...
  2080 | D:3      | You add the spells Scorch, Flame Wave and Summon Cactus
                  | Giant to your library.
  2229 | D:3      | Reached XP level 4. HP: 34/36 MP: 4/4
  2351 | D:3      | Noticed a bullfrog
  2483 | D:4      | Reached skill level 4 in Long Blades
  2498 | D:4      | Noticed a scorpion
  2624 | D:3      | HP: 9/36 [poisoned by a scorpion]
  2625 | D:3      | Killed a scorpion
  2626 | D:3      | Reached XP level 5. HP: 8/41 MP: 5/5
  2629 | D:3      | HP: 4/41 [poisoned by a scorpion]
  3023 | D:4      | Reached skill level 5 in Long Blades
  3111 | D:4      | Reached skill level 6 in Long Blades
  3111 | D:4      | Reached XP level 6. HP: 38/47 MP: 6/6
  3192 | D:4      | Noticed Natasha
  3204 | D:4      | Killed Natasha
  3484 | D:4      | Noticed Natasha
  3491 | D:4      | Killed Natasha
  3492 | D:4      | Reached XP level 7. HP: 48/52 MP: 7/7
  3499 | D:4      | Noticed Natasha
  3510 | D:4      | Killed Natasha
  3595 | D:5      | Entered Level 5 of the Dungeon
  3600 | D:5      | Reached skill level 7 in Long Blades
  3768 | D:5      | Found a sand-covered staircase.
  3774 | Ossuary  | Entered an ossuary
  3903 | Ossuary  | Reached skill level 8 in Long Blades
  4207 | D:5      | You pick up a book of Minor Magic and begin reading...
  4207 | D:5      | You add the spells Magic Dart, Call Imp and Mephitic Cloud
                  | to your library.
  4244 | D:5      | HP: 13/52 [poisoned by an adder]
  4470 | D:5      | Reached XP level 8. HP: 58/59 MP: 8/8
  4553 | D:5      | Reached skill level 9 in Long Blades
  5322 | D:6      | Found the +3 salamander hide armour {Flames rF++ rC--}
  5393 | D:6      | Found a transporter.
  5405 | D:6      | Noticed a hell hog
  5406 | D:6      | Noticed Iich's ghost (novice MiBe)
  5409 | D:6      | Found a transporter.
  5430 | D:6      | Reached skill level 10 in Long Blades
  5554 | D:6      | Noticed an ancient zyme
  5752 | D:6      | Reached XP level 9. HP: 64/64 MP: 9/9
  5772 | D:6      | You add the spells Ozocubu's Armour and Ozocubu's
                  | Refrigeration to your library.
  5812 | D:6      | Reached skill level 11 in Long Blades
  5919 | D:6      | Identified the +5 sling "Hulk" {freeze, Fragile Fly Int+6}
  6178 | D:7      | Identified the +1 chain mail of the Jabberwock {-Tele *Slow
                  | rPois Str+8}
  6213 | D:7      | You pick up a book of Necromancy and begin reading...
  6213 | D:7      | You add the spells Necrotise, Vampiric Draining and Agony
                  | to your library.
  6230 | D:7      | Found a staircase to the Ecumenical Temple.
  6256 | D:7      | Reached skill level 12 in Long Blades
  6391 | D:7      | You add the spells Ensorcelled Hibernation, Kindle
                  | Blastsparks and Simulacrum to your library.
  6391 | D:7      | Got the Octavo of Meteoric Congelation
  6455 | D:7      | You pick up a book of Alchemy and begin reading...
  6455 | D:7      | You add the spells Sublimation of Blood, Petrify and
                  | Irradiate to your library.
  6642 | D:7      | You pick up a book of the Senses and begin reading...
  6642 | D:7      | You add the spells Dazzling Flash and Silence to your
                  | library.
  6688 | D:7      | Reached XP level 10. HP: 70/70 MP: 10/10
  6844 | D:8      | Reached skill level 13 in Long Blades
  7086 | Temple   | Entered the Ecumenical Temple
  7215 | Temple   | Became a worshipper of Hepliaklqana the Forgotten
  7366 | D:8      | You pick up a book of Changes and begin reading...
  7366 | D:8      | You add the spells Beastly Appendage, Wereblood and Spider
                  | Form to your library.
  7375 | D:8      | Noticed a seven-headed hydra
  7380 | D:8      | HP: 10/70 [eight-headed hydra (13)]
  7385 | D:8      | Killed an eight-headed hydra
  7386 | D:8      | Reached skill level 14 in Long Blades
  7386 | D:8      | Reached skill level 4 in Fighting
  7386 | D:8      | Reached skill level 4 in Armour
  7753 | D:8      | You pick up a book of Burglary and begin reading...
  8126 | D:9      | Noticed Erolcha
  8132 | D:9      | Killed Erolcha
  8133 | D:9      | Reached skill level 5 in Fighting
  8133 | D:9      | Reached skill level 5 in Armour
  8204 | D:9      | Noticed a gargoyle
  8212 | D:9      | Killed a gargoyle
  8272 | D:9      | Found a staircase to the Orcish Mines.
  8278 | D:9      | Reached skill level 6 in Fighting
  8291 | D:9      | Found a flagged portal.
  8301 | Bailey   | Entered a bailey
  8332 | Bailey   | HP: 17/76 [centaur/javelin (7)]
  8337 | Bailey   | HP: 16/76 [centaur/javelin (1)]
  8338 | Bailey   | HP: 7/76 [centaur/javelin (9)]
  8348 | Bailey   | Reached skill level 6 in Armour
  8600 | Bailey   | Reached XP level 11. HP: 45/83 MP: 11/11
  8874 | Bailey   | Reached skill level 7 in Fighting
  8882 | Bailey   | Reached skill level 7 in Armour
  8884 | Bailey   | HP: 15/84 [centaur/javelin (11)]
  8885 | Bailey   | HP: 6/84 [centaur/javelin (2)]
  8888 | Bailey   | Hit by a javelin thrown by a centaur

Vanquished Creatures
  A hydra (D:8)
  Erolcha (D:9)
  A gargoyle (D:9)
  A wraith (D:9)
  A wyvern (D:7)
  A warg (D:9)
  A sky beast (D:4)
  2 black bears
  2 ice beasts
  12 orc warriors
  An ogre (D:5)
  3 centaurs (Bailey)
  2 phantoms
  A kobold brigand (D:8)
  2 necrophages
  4 bullfrogs
  2 gnoll sergeants (D:8)
  4 scorpions
  9 wights
  3 howler monkeys (D:7)
  2 orc priests
  8 hounds
  2 jellies
  3 iguanas
  5 orc wizards
  Natasha (thrice) (D:4)
  8 mummies (Ossuary)
  9 gnolls
  7 adders
  A shadow imp (D:6)
  2 white imps
  A worm (D:3)
  2 dart slugs (D:4)
  35 orcs
  4 ball pythons
  5 endoplasms
  4 giant cockroaches
  3 hobgoblins
  4 jackals (D:2)
  13 kobolds
  2 quokkas
  6 bats
  2 frilled lizards
  9 goblins
  3 hobgoblin zombies (Ossuary)
  3 kobold zombies (Ossuary)
  2 orc zombies (Ossuary)
  6 rats
208 creatures vanquished.

Vanquished Creatures (others)
  17 plants
17 creatures vanquished.

Grand Total: 225 creatures vanquished

Table legend:
 A = Non-vault XP
 B = Vault XP
 C = Vault XP percentage of total XP
 D = Non-vault monster count
 E = Vault monster count
 F = Vault count percentage of total count
                 A         B        C        D         E       F
            +---------+---------+-------+---------+---------+-------
      Total |    6242 |    2840 |  31.3 |     152 |      56 |  26.9
            +---------+---------+-------+---------+---------+-------
        D:1 |      25 |       0 |   0.0 |      15 |       0 |   0.0
        D:2 |      26 |       3 |  10.3 |      15 |       2 |  11.8
        D:3 |     107 |       0 |   0.0 |      14 |       0 |   0.0
        D:4 |     497 |      32 |   6.0 |      17 |       1 |   5.6
        D:5 |     789 |       0 |   0.0 |      17 |       0 |   0.0
        D:6 |     734 |       0 |   0.0 |      18 |       0 |   0.0
        D:7 |    1568 |       0 |   0.0 |      25 |       0 |   0.0
        D:8 |    1768 |       0 |   0.0 |      28 |       0 |   0.0
        D:9 |     728 |    1087 |  59.9 |       3 |       9 |  75.0
    Ossuary |       0 |     150 | 100.0 |       0 |      16 | 100.0
     Bailey |       0 |    1568 | 100.0 |       0 |      28 | 100.0
            +---------+---------+-------+---------+---------+-------

Illustrated notes

Table legend:
 A = Kills in this place as a percentage of kills in entire the game.
 B = Kills by you in this place as a percentage of kills by you in the entire game.
 C = Kills by friends in this place as a percentage of kills by friends in the entire game.
 D = Other kills in this place as a percentage of other kills in the entire game.
 E = Experience gained in this place as a percentage of experience gained in the entire game.
 F = Experience gained in this place divided by the number of levels of this place that you have seen.
                   A       B       C       D       E      F
               +-------+-------+-------+-------+-------+----------------------
         Total | 100.0 | 100.0 |   N/A |   N/A | 100.0 | 756.8
       Dungeon |  78.8 |  78.8 |   N/A |   N/A |  81.1 | 818.2
       Ossuary |   7.7 |   7.7 |   N/A |   N/A |   1.7 | 150.0
        Bailey |  13.5 |  13.5 |   N/A |   N/A |  17.3 | 1568.0
               +-------+-------+-------+-------+-------+----------------------

Table legend: (Time is in decaauts)
 A = Elapsed time spent in this place.
 B = Non-inter-level travel time spent in this place.
 C = Inter-level travel time spent in this place.
 D = Time resting spent in this place.
 E = Time spent auto-exploring this place.
 F = Levels seen in this place.
 G = Mean time per level.
                   A        B        C        D        E       F      G
               +--------+--------+--------+--------+--------+-----+--------+
         Total |   8948 |   8660 |    288 |   1205 |   5852 |  12 |  745.7 |
       Dungeon |   7771 |   7524 |    247 |    959 |   5260 |   9 |  863.4 |
        Temple |    171 |    130 |     41 |      0 |    105 |   1 |  171.0 |
       Ossuary |    421 |    421 |      0 |     77 |    230 |   1 |  421.0 |
        Bailey |    584 |    584 |      0 |    169 |    257 |   1 |  584.0 |
               +--------+--------+--------+--------+--------+-----+--------+

Top non-repeatable levels by time:
     D:2: 1082 daAuts
     D:8: 1056 daAuts
     D:5: 1056 daAuts
     D:4: 939 daAuts
     D:3: 935 daAuts
     D:1: 894 daAuts
     D:6: 789 daAuts
     D:7: 784 daAuts
  Bailey: 584 daAuts
 Ossuary: 421 daAuts
     D:9: 233 daAuts
  Temple: 171 daAuts
